 Dungeon Crawl Stone Soup version 0.19.0-20-gbc5f0c6 (webtiles) character file.

7 esc the Firebug (level 1, -1/10 HPs)
             Began as a Deep Elf Fire Elementalist on Nov 16, 2016.
             Slain by a jackal (2 damage)
             ... on level 1 of the Dungeon.
             The game lasted 00:01:18 (388 turns).

esc the Firebug (Deep Elf Fire Elementalist)         Turns: 388, Time: 00:01:19

Health: -1/10      AC:  2    Str:  5    XL:     1   Next: 83%
Magic:  1/6        EV: 13    Int: 19    God:
Gold:   12         SH:  0    Dex: 15    Spells: 1 memorised, 5 levels left

rFire  . . .     SeeInvis .     d - +0 club
rCold  . . .     Gourm    .     e - +0 robe {MR+}
rNeg   . . .     Faith    .     (no shield)
rPois  .         Spirit   .     (no helmet)
rElec  .         Reflect  .     (no cloak)
rCorr  .         Harm     .     (no gloves)
MR     +....                    (no boots)
Stlth  ++........               (no amulet)
                                (no ring)
                                (no ring)

@: no status effects
A: no striking features
a: no special abilities


You were on level 1 of the Dungeon.
You were not hungry.

You visited 1 branch of the dungeon, and saw 1 of its levels.

You collected 12 gold pieces.

Inventory:

Hand Weapons
 d - a +0 club (weapon)
   (You took it off a hobgoblin on level 1 of the Dungeon)
Armour
 a - a +0 robe
 e - a +0 robe of magic resistance (worn)
   (You found it on level 1 of the Dungeon)
Books
 b - a book of Flames
Comestibles
 c - a bread ration {@e1}


   Skills:
 - Level 2.4 Dodging
 - Level 2.4 Stealth
 + Level 3.3 Spellcasting
 + Level 1.2 Conjurations
 + Level 3.5 Fire Magic


You had 5 spell levels left.
You knew the following spells:

 Your Spells              Type           Power        Failure   Level  Hunger
a - Flame Tongue          Conj/Fire      ##...        8%          1    None


Dungeon Overview and Level Annotations

Branches:
Dungeon (1/15)

Altars:
Ashenzari


Message History

MP restored: 6
Aim: a rat (severely wounded)
The flame tongue hits the rat.
You kill the rat!
The jackal bites you but does no damage.
You now have 5/6 mp.
Aim: a jackal The flame tongue hits the jackal.
You kill the jackal!
You now have 4/6 mp.
You see here a jackal corpse.
You butcher the jackal corpse.
f - 3 chunks of flesh {@w0} You see here a jackal skeleton.
Your magical contamination has completely faded away.
You start resting.
All of the chunks of flesh in your inventory have rotted away.
Health restored: 10; MP restored: 6 The jackal is too close now for your liking.
You can't see any susceptible monsters within range! (Use Z to cast anyway.)
The jackal barks!
Aim: a jackal The flame tongue hits the jackal.
The jackal barks!
You now have 5/6 mp.
Aim: a jackal (severely wounded)
You miscast Flame Tongue.
You are very lightly contaminated with residual magic.
Nothing appears to happen.
You now have 4/6 mp.
Aim: a jackal (severely wounded)
The flame tongue hits the jackal.
You kill the jackal!
You now have 3/6 mp.
Aim: a jackal The flame tongue misses the jackal.
The jackal barely misses you.
You now have 2/6 mp.
Aim: a jackal The flame tongue misses the jackal.
The jackal bites you but does no damage.
The jackal closely misses you.
You now have 1/6 mp.
Aim: a jackal The flame tongue misses the jackal.
The jackal bites you.
You take 1 damage, and have 9/10 hp.
You now have 0/6 mp.
The jackal barely misses you. The jackal bites you.
You take 3 damage, and have 6/10 hp.
MASSIVE DAMAGE!!
Aim: a jackal The flame tongue misses the jackal.
The jackal bites you but does no damage.
You now have 0/6 mp.
The jackal closely misses you.
You open the door.
A bat comes into view.
The jackal bites you. The jackal completely misses you.
Found a shattered altar of Ashenzari.
You take 1 damage, and have 5/10 hp.
There is an open door here.
The jackal bites you.
You take 1 damage, and have 4/10 hp.
The helpless bat fails to defend itself.
You hit the bat.
You kill the bat!
The jackal bites you.
* * * LOW HITPOINT WARNING * * *
The jackal bites you.
* * * LOW HITPOINT WARNING * * *
You take 2 damage, and have 2/10 hp.
Unknown command.
Aim: a jackal The flame tongue misses the jackal.
The jackal barely misses you.
The jackal bites you but does no damage.
Your magical contamination has completely faded away.
You now have 0/6 mp.
The jackal barely misses you.
There is a shattered altar of Ashenzari here.
The jackal misses you. The jackal closely misses you.
There is an open door here.
The jackal bites you but does no damage.
The jackal barely misses you.
The jackal bites you but does no damage.
The jackal closely misses you.
Aim: a jackal The flame tongue misses the jackal.
The jackal closely misses you.
You now have 0/6 mp.
The jackal misses you. The jackal barely misses you.
The jackal bites you but does no damage.
Aim: a jackal The flame tongue hits the jackal.
The jackal closely misses you.
You now have 0/6 mp.
The jackal barely misses you. The jackal completely misses you.
The jackal bites you.
* * * LOW HITPOINT WARNING * * *
You take 2 damage, and have 1/10 hp.
The jackal bites you.
You die...

#≈≈≈≈# ≈ #......#
#.≈≈≈##≈≈ #......#
#.≈≈≈≈≈≈≈ #......#
#.≈≈≈≈≈≈#
#......###.≈####≈#
#......##..≈'<># #
#......##..≈####≈#
#......##...≈≈≈≈≈###
#...@..##.#≈≈≈≈≈≈≈≈≈
#..h...##.##.≈....≈≈
#......#..#####....#
#.#####.#.####.######.##.#
#.......#.............. .
#####...#.###..######.#
+................
#...##......#....
#....##.....#...g..


You could see a jackal.

Vanquished Creatures
  A hobgoblin (D:1)
  3 jackals (D:1)
  A bat (D:1)
  A rat (D:1)
6 creatures vanquished.

Notes
Turn   | Place    | Note
-------+----------+-------------------------------------------
     0 | D:1      | esc the Deep Elf Fire Elementalist began the quest for the Orb.
     0 | D:1      | Reached XP level 1. HP: 10/10 MP: 6/6
    73 | D:1      | HP: 2/10 [jackal (3)]
   353 | D:1      | Found a shattered altar of Ashenzari.
   357 | D:1      | HP: 2/10 [jackal (1)]
   386 | D:1      | HP: 1/10 [jackal (2)]
   388 | D:1      | Slain by a jackal

Action                   || total
-------------------------++-------
Melee: Club              ||     8
 Cast: Flame Tongue      ||    13
 Stab: Sleeping          ||     1
Armor: Robe              ||     8
Dodge: Dodged            ||    24

Vault maps used:
D:1:      minmay_arrival_floating_metal, minmay_misc_feat_more_columns,
          nicolae_ashenzari_panopticon

Table legend:
 A = Turns spent in this place as a percentage of turns spent in the entire game.
 B = Non-inter-level travel turns spent in this place as a percentage of non-inter-level travel turns spent in the entire game.
 C = Inter-level travel turns spent in this place as a percentage of turns spent in this place.
 D = Turns resting spent in this place as a percentage of non-inter-level travel turns spent in this place.
 E = Turns spent auto-exploring this place as a percentage of non-inter-level travel turns spent in this place.
 F = Non-inter-level travel turns spent in this place divided by the number of levels of this place that you've seen.
                   A       B       C       D       E      F
               +-------+-------+-------+-------+-------+----------------------
         Total | 100.0 | 100.0 |   0.0 |   1.9 |   3.9 | 103.0
       Dungeon | 100.0 | 100.0 |   0.0 |   1.9 |   3.9 | 103.0
               +-------+-------+-------+-------+-------+----------------------

Table legend:
 A = Kills in this place as a percentage of kills in entire the game.
 B = Kills by you in this place as a percentage of kills by you in the entire game.
 C = Kills by friends in this place as a percentage of kills by friends in the entire game.
 D = Other kills in this place as a percentage of other kills in the entire game.
 E = Experience gained in this place as a percentage of experience gained in the entire game.
 F = Experience gained in this place divided by the number of levels of this place that you have seen.
                   A       B       C       D       E      F
               +-------+-------+-------+-------+-------+----------------------
         Total | 100.0 | 100.0 |  -nan |  -nan | 100.0 |  10.0
       Dungeon | 100.0 | 100.0 |  -nan |  -nan | 100.0 |  10.0
               +-------+-------+-------+-------+-------+----------------------
